 Dungeon Crawl Stone Soup version 0.18-a0-1443-ge8f1551 (webtiles) character file.

3897 4thArraOfDagon the Destroyer (level 10, 0/61 HPs)
             Began as an Octopode Hunter on Feb 29, 2016.
             Was a Believer of Vehumet.
             Shot with a poisoned arrow by Nessos (21 damage)
             ... on level 12 of the Dungeon.
             The game lasted 00:54:32 (8453 turns).

4thArraOfDagon the Destroyer (Octopode Hunter)      Turns: 8453, Time: 00:54:32

Health: 0/61       AC:  1    Str: 11      XL:     10   Next: 20%
Magic:  28/28      EV: 12    Int: 16      God:    Vehumet [**....]
Gold:   550        SH:  0    Dex: 12 (14) Spells: 4 memorised, 1 level left

rFire  . . .     SeeInvis .     Q - -2 rod of shadows (0/11)
rCold  . . .     Gourm    .     (no shield)
rNeg   . . .     Faith    .     (helmet restricted)
rPois  .         Spirit   .     (no amulet)
rElec  .         Dismiss  .     v - ring of flight
rCorr  .         Reflect  .     D - ring of magical power
SustAt .         Harm     .     (no ring)
MR     .....                    (no ring)
Stlth  +++.......               (no ring)
                                (no ring)
                                (no ring)
                                (no ring)

@: about to teleport, drained, not resistant to hostile enchantments, fairly
stealthy
A: almost no armour, amphibious, 8 rings, constrict 8, camouflage 1, gelatinous
body 1
a: Renounce Religion, Evoke Flight


You were on level 12 of the Dungeon.
You worshipped Vehumet.
Vehumet was pleased with you.
You were hungry.

You visited 1 branch of the dungeon, and saw 14 of its levels.
You also visited: Ice Cave.

You collected 550 gold pieces.

Inventory:

Hand Weapons
 a - a +0 long sword
 b - a +2 shortbow of flaming
 e - a +0 hand axe
Missiles
 c - 57 arrows
 n - 26 poisoned needles
 L - 19 arrows of flame
 O - 5 arrows of frost
Rods
 Q - a -2 rod of shadows (0/11) (weapon)
   (You found it on level 10 of the Dungeon)
Jewellery
 v - a ring of flight (left tentacle)
 D - a ring of magical power (right tentacle)
 F - an uncursed ring of teleportation
Wands
 i - a wand of teleportation (0/9)
 l - a wand of flame (15/48)
 t - a wand of iceblast (3/15)
 C - a wand of teleportation (3/9)
 G - a wand of acid (11/15)
 K - a wand of acid (7/15)
 S - a wand of lightning (9/15)
Scrolls
 k - 4 scrolls of remove curse
 m - 2 scrolls of enchant armour
 s - a scroll of immolation {unknown}
 y - 2 scrolls of blinking {unknown}
 A - a scroll of fog {unknown}
 B - 2 scrolls of enchant weapon
 H - 2 scrolls of silence
Potions
 g - a potion of brilliance
 j - 2 potions of might
 o - a potion of degeneration {unknown}
 u - a potion of agility {unknown}
 z - a potion of flight {unknown}
 I - a potion of lignification {unknown}
 M - a potion of berserk rage {unknown}
Books
 h - a book of Conjurations

   Spells                             Type                      Level
   a - Magic Dart                     Conjuration                  1
   b - Searing Ray                    Conjuration                  2
   c - Dazzling Spray                 Conjuration/Hexes            3
   d - Fulminant Prism                Conjuration/Hexes            4
   e - Iskenderun's Mystic Blast      Conjuration                  4
   f - Iskenderun's Battlesphere      Conjuration/Charms           5
 E - a book of Annihilations

   Spells                             Type                      Level
   a - Poison Arrow                   Conjuration/Poison           6
   b - Chain Lightning                Conjuration/Air              8
   c - Lehudib's Crystal Spear        Conjuration/Earth            8
   d - Glaciate                       Conjuration/Ice              9
   e - Fire Storm                     Conjuration/Fire             9
Miscellaneous
 f - a stone of tremors
 P - a fan of gales (inert)
Comestibles
 d - 6 bread rations
 J - 24 fruits


   Skills:
 - Level 2.3(1.7) Fighting
 - Level 7.4(6.7) Bows
 - Level 2.0(1.4) Dodging
 - Level 1.3(0.7) Stealth
 + Level 6.4(5.7) Spellcasting
 * Level 9.1(8.4) Conjurations
 * Level 5.6(5.0) Fire Magic


You had one spell level left.
You knew the following spells:

 Your Spells              Type           Power        Failure   Level  Hunger
a - Poison Arrow          Conj/Pois      ###.......   100%        6    #######
b - Fire Storm            Conj/Fire      ####......   100%        9    #######
c - Flame Tongue          Conj/Fire      ####.        1%          1    None
d - Iskenderun's Mystic   Conj           ####....     6%          4    ####...


Dungeon Overview and Level Annotations

Branches:
Dungeon (14/15)            Temple (0/1) D:5             Orc (0/2) D:10
   Lair: D:8-11      Vaults: D:13-14

Altars:
Ashenzari
Gozag
Kikubaaqudgha
Qazlal
Sif Muna
Trog
Vehumet

Shops:
D:13 :

Annotations:
D:6 exclusion: orc warrior
D:8 Joseph
D:11 Dirian's ghost, journeyman MiFi; Erolcha; Grum
D:12 Kirke; Nessos; Rupert
D:13 exclusion: downstairs


Innate Abilities, Weirdness & Mutations

You cannot wear most types of armour.
You are amphibious.
You can wear up to eight rings at the same time.
You can use your tentacles to constrict eight enemies at once.
Your skin changes colour to match your surroundings (Stealth).
Your rubbery body absorbs attacks (AC +1).


Message History

Unknown command.
Unknown command.
Unknown command.
Unknown command.
Evoke which item? (* to show all) (? for menu, Esc to quit)
Zapping:
i - a wand of teleportation (1/9)
Press: ? - help, Shift-Dir - straight line, f - you You feel strangely unstable.
This wand has 0 charges left.
The jelly quivers.
Nessos mumbles some strange words.
Nessos seems to speed up.
Nessos blinks!
Unknown command.
Unknown command.
Drink which item? (? for menu, Esc to quit)
Okay, then.
Wisps of shadow whirl around you...
You are feeling hungry.
Nessos blinks!
Nessos wields a longbow of flaming.
It bursts into flame!
Nessos shoots a poisoned arrow.
The poisoned arrow hits you!!
You die...

########.....#............#
........#...........
.......#...........
.......#.c....§..##
.....$......J......
......Y....S.....#
.......§.....$...#
.......#.........#
.......#@r.......#
.......##.......## .......
##.....## ####### #######


You could see Nessos, an ice beast, a jelly, an adder and a friendly quokka.

Vanquished Creatures
  A centaur zombie (D:13)
  A hippogriff (D:13)
  4 wolves (D:8)
  2 sky beasts (D:13)
  A black bear (D:8)
  A necrophage (D:10)
  An ice beast (D:8)
  4 centaurs
  An ogre (D:13)
  4 giant frogs
  A wyvern skeleton (D:8)
  A scorpion (D:9)
  5 howler monkeys
  4 crimson imps
  A quasit (D:13)
  5 hounds
  A jelly (D:7)
  2 orc wizards
  3 orc priests
  2 centaur skeletons (D:4)
  2 giant frog skeletons
  4 iguanas
  9 worker ants
  A statue (D:5)
  A hound skeleton (D:6)
  A worker ant zombie (D:5)
  2 howler monkey zombies (D:10)
  A gnoll (D:2)
  6 adders
  2 white imps (IceCv)
  7 ufetubi (IceCv)
  2 oozes
  2 adder zombies
  An adder skeleton (D:5)
  A worm (D:2)
  2 dart slugs
  2 giant geckos
  12 orcs
  6 giant cockroaches
  A goblin (D:1)
  4 hobgoblins
  12 jackals
  9 kobolds
  A quokka (D:5)
  3 bats
  2 giant newts
  A jackal skeleton (D:5)
  4 rats (D:1)
146 creatures vanquished.

Vanquished Creatures (collateral kills)
  A hill giant (D:13)
  A centaur zombie (D:13)
  A scorpion (D:13)
  A worker ant (D:10)
  An adder (D:10)
5 creatures vanquished.

Vanquished Creatures (others)
  A white imp (IceCv)
  2 ufetubi (IceCv)
  A bat (D:2)
  A ball python (D:2)
5 creatures vanquished.

Grand Total: 156 creatures vanquished

Notes
Turn   | Place    | Note
--------------------------------------------------------------
     0 | D:1      | 4thArraOfDagon the Octopode Hunter began the quest for the Orb.
     0 | D:1      | Reached XP level 1. HP: 14/14 MP: 1/1
     0 | D:1      | 4thArraOfDagon: we are winning this one
     0 | D:1      | jacquesderrida: Almost cross bow1
   122 | D:1      | jacquesderrida: Many an arrow
   175 | D:1      | Reached XP level 2. HP: 12/20 MP: 2/2
   269 | D:1      | jacquesderrida: Little dagin
   364 | D:1      | jacquesderrida: I can't believe you don't know you can swap weapins with '!
   478 | D:1      | jacquesderrida: '
   526 | D:1      | jacquesderrida: a-b weapins...
   603 | D:2      | 4thArraOfDagon: hmm
   611 | D:2      | jacquesderrida: Yesh
   631 | D:2      | Reached XP level 3. HP: 18/25 MP: 3/3
   668 | D:2      | jacquesderrida: and you can have an arrow land at your cursor with pressing . instead of f or enter
   817 | D:2      | jacquesderrida: Handy magics
   820 | D:2      | Reached skill level 5 in Bows
   889 | D:2      | Found a shattered altar of Ashenzari.
   891 | D:2      | 4thArraOfDagon: is that a gut god?
   891 | D:2      | jacquesderrida: daaaaaang
   891 | D:2      | jacquesderrida: Sounds gut
   891 | D:2      | 4thArraOfDagon: sounds gut
   891 | D:2      | jacquesderrida: hard gott
   891 | D:2      | 4thArraOfDagon: but is gut?
   891 | D:2      | jacquesderrida: Do you want to hard
   910 | D:2      | Reached XP level 4. HP: 19/30 MP: 4/4
   985 | D:2      | jacquesderrida: Gotta oker, meng...
  1350 | D:3      | kroki: i wonder if a real life octopode could draw a bow
  1366 | D:3      | kroki: even toy one
  1388 | D:3      | jacquesderrida: Kroker...
  1413 | D:3      | kroki: yes
  1431 | D:3      | jacquesderrida: Thanks
  1664 | D:3      | kroki: anytime friend
  1726 | D:3      | jacquesderrida: Nice
  1747 | D:3      | Turgon: 4thArrowsOfDagon?
  1754 | D:3      | jacquesderrida: I am a strict time friend myself
  1814 | D:4      | kroki: that joke cut deep
  1823 | D:4      | jacquesderrida: YOu blew it with plural
  1823 | D:4      | Reached XP level 5. HP: 26/35 MP: 5/5
  1831 | D:4      | jacquesderrida: sory meng
  1833 | D:4      | Turgon: Seriously, OpHu could be good but I don't like ranged combat
  1838 | D:4      | jacquesderrida: Ok
  1838 | D:4      | kroki: itd be fine with throwing
  1838 | D:4      | kroki: just like anything else is
  1839 | D:4      | jacquesderrida: no u
  1901 | D:4      | jacquesderrida: monkey uncle
  1904 | D:4      | jacquesderrida: we finally meet
  1905 | D:4      | kroki: i just dont like throwing cause ill always lose my throwies while tabbing over deep water/lava
  1946 | D:4      | jacquesderrida: My condolences!
  1970 | D:5      | Entered Level 5 of the Dungeon
  1970 | D:5      | Found an opulent altar of Gozag.
  1975 | D:5      | Found a radiant altar of Vehumet.
  1991 | D:5      | Noticed a charred statue
  2087 | D:5      | Turgon: I don't like throwing because collecting ammo is very tedious
  2111 | D:5      | kroki: thanks but id rather not wear a condom jacq
  2112 | D:5      | Found an ancient bone altar of Kikubaaqudgha.
  2131 | D:5      | jacquesderrida: thanks
  2267 | D:6      | You fall through a shaft!
  2268 | D:7      | jacquesderrida: deng
  2268 | D:7      | 4thArraOfDagon: bugged out
  2282 | D:7      | jacquesderrida: eggsploded
  2309 | D:7      | Reached XP level 6. HP: 40/40 MP: 6/6
  2324 | D:7      | jacquesderrida: Those two dudes killed by shrapnel
  2475 | D:7      | jacquesderrida: Where is kentaro
  2502 | D:7      | jacquesderrida: gotta arrow up
  2625 | D:5      | jacquesderrida: The ghost of one of the dudes phases in and out of existence
  2647 | D:7      | Noticed an ice beast
  2777 | D:7      | Reached skill level 1 in Spellcasting
  2843 | D:7      | Noticed a sky beast
  2843 | D:7      | Noticed an insubstantial wisp
  2894 | D:7      | jacquesderrida: damng
  2912 | D:7      | jacquesderrida: wasp
  2929 | D:7      | Noticed a wyvern
  2946 | D:7      | jacquesderrida: wottt...
  3026 | D:6      | Reached XP level 7. HP: 22/45 MP: 10/10
  3045 | D:6      | Learned a level 6 spell: Poison Arrow
  3205 | D:5      | Reached skill level 1 in Conjurations
  3346 | D:5      | Became a worshipper of Vehumet
  3376 | D:5      | jacquesderrida: meng...
  3384 | D:4      | 4thArraOfDagon: w0t
  3384 | D:4      | 4thArraOfDagon: im goin BLASTA way
  3396 | D:4      | jacquesderrida: Are you bailing on our arrow-shooting ways
  3458 | D:4      | Reached skill level 2 in Conjurations
  3494 | D:4      | Found a bloodstained altar of Trog.
  3944 | D:5      | Reached skill level 3 in Conjurations
  4019 | D:5      | Found a staircase to the Ecumenical Temple.
  4335 | D:6      | Reached skill level 4 in Conjurations
  4648 | D:8      | Reached XP level 8. HP: 44/51 MP: 13/13
  4874 | D:8      | Noticed Joseph
  5273 | D:9      | jacquesderrida: revenge of the arrow
  5278 | D:9      | Reached skill level 5 in Conjurations
  5289 | D:9      | jacquesderrida: Can't abandon arrow, mane
  5452 | D:9      | Reached * piety under Vehumet
  5452 | D:9      | Offered knowledge of Sandblast by Vehumet.
  5679 | D:9      | Found a deep blue altar of Sif Muna.
  5779 | D:8      | Reached skill level 6 in Conjurations
  5783 | D:8      | Reached skill level 5 in Spellcasting
  5783 | D:8      | Reached skill level 7 in Conjurations
  5783 | D:8      | Reached XP level 9. HP: 35/55 MP: 16/16
  5836 | D:8      | Learned a level 9 spell: Fire Storm
  5909 | D:8      | Reached skill level 1 in Fire Magic
  5985 | D:8      | Noticed a troll
  6244 | D:10     | Entered Level 10 of the Dungeon
  6324 | D:11     | Noticed Dirian's ghost (journeyman MiFi)
  6413 | D:11     | Noticed Erolcha
  6442 | D:11     | Noticed Grum
  6471 | D:12     | Noticed a troll
  6540 | D:10     | Identified a -2 rod of shadows (11/11) (You found it on level 10 of the Dungeon)
  6578 | D:11     | Noticed a brown ugly thing
  6734 | D:10     | Found a staircase to the Orcish Mines.
  6866 | D:10     | You fall through a shaft for 2 floors!
  6866 | D:12     | Noticed Kirke
  6866 | D:12     | Noticed Rupert
  6866 | D:12     | Noticed a kobold demonologist
  6866 | D:12     | Noticed a kobold demonologist
  6867 | D:12     | WTF
  6868 | D:12     | Noticed a hill giant
  6869 | D:12     | Noticed an orange demon
  6870 | D:12     | zzxc: heh
  6889 | D:12     | Noticed an orc knight
  6889 | D:12     | zzxc: rupert vs pigform octopode
  6898 | D:12     | zzxc: fair
  6910 | D:12     | Turgon: When I first was mutated into a pig I thought it was game over
  6915 | D:12     | Turgon: ... and was surprised I could survive
  6954 | D:12     | Noticed a centaur warrior
  6960 | D:12     | Turgon: Pigs with 8 feet could keep their 8 rings :-)
  6965 | D:12     | jacquesderrida: What about a foot with 8 pigs
  6965 | D:12     | jacquesderrida: Can that survive?!
  6986 | D:12     | Turgon: Is there a footform? Must be new in trunk ;-)
  7146 | D:13     | Noticed a tengu conjurer
  7214 | D:13     | Reached skill level 8 in Conjurations
  7306 | D:12     | Found a stormy altar of Qazlal.
  7493 | D:13     | You fall through a shaft!
  7493 | D:14     | Noticed a rakshasa
  7493 | D:14     | Noticed a hill giant
  7493 | D:14     | Noticed a cyan ugly thing
  7493 | D:14     | Noticed a cyan ugly thing
  7494 | D:14     | :(
  7494 | D:14     | jacquesderrida: HEH
  7495 | D:14     | Noticed a cyan ugly thing
  7497 | D:14     | jacquesderrida: Way of arrow meng
  7527 | D:14     | Noticed a cyclops
  7538 | D:14     | jacquesderrida: ayyyyyyyyyyyy
  7538 | D:13     | zzxc: where is this octopode going?
  7538 | D:14     | 4thArraOfDagon: through the shafts
  7538 | D:14     | jacquesderrida: Right here!
  7545 | D:14     | BLOAX: nice situation
  7548 | D:13     | jacquesderrida: BLERGS
  7608 | D:13     | Found a frozen archway.
  7640 | IceCv    | Entered an ice cave
  7741 | IceCv    | Offered knowledge of Flame Tongue by Vehumet.
  7746 | IceCv    | Reached ** piety under Vehumet
  7761 | IceCv    | Learned a level 1 spell: Flame Tongue
  7761 | IceCv    | 4thArraOfDagon: something useful!
  7795 | IceCv    | Reached XP level 10. HP: 52/61 MP: 19/19
  7798 | IceCv    | Noticed an ice statue
  7798 | IceCv    | Noticed an ice statue
  7823 | D:13     | Found Tossoamn's Book Boutique.
  7903 | D:13     | zzxc: octopode life
  7983 | D:13     | jacquesderrida: little howling blorxes
  7990 | D:13     | Reached skill level 5 in Fire Magic
  8014 | D:13     | zzxc: octopode: one of the few races that are threatened by howler monkeys
  8029 | D:13     | Noticed a hill giant
  8042 | D:13     | Killed a hill giant
  8042 | D:13     | Reached skill level 9 in Conjurations
  8155 | D:13     | Learned a level 4 spell: Iskenderun's Mystic Blast
  8402 | D:12     | Noticed a kobold demonologist
  8405 | D:12     | Noticed a kobold demonologist
  8449 | D:12     | Noticed Nessos
  8453 | D:12     | Shot with a poisoned arrow by Nessos

Vault maps used:
D:1:      mrwooster_arrival_statue
D:2:      lemuel_doored_altar, nicolae_qazlal_eye_of_the_storm
D:4:      old_standard_altar, uniq_robin
D:5:      vehumet_statue, grunt_gozag_statues, minmay_temple_entry_trees,
          basic_altar, first_bread
D:7:      hangedman_misty_isle
D:8:      marbit_many_paths, erik_lair_island, serial_co_window_serial,
          co_window_paths_a, co_window_corner_a, co_window_corner_a,
          co_window_paths_a, co_window_corner_a, co_window_corner_b,
          co_window_of_opportunity_c, co_window_2corner, co_window_paths_c,
          glass_columns_b, glass_columns_b, glass_columns_b, glass_columns_c,
          nicolae_ru_the_path_less_chosen, uniq_joseph
D:9:      kennysheep_little_box, led_sif_pool, blue_anna_alchemist
D:10:     david_orc_3
D:11:     serial_aquarium, aquarium_bridge_square, aquarium_window_2,
          aquarium_window_corner, aquarium_window_double, aquarium_window_2,
          aquarium_view_2c, aquarium_balcony_double_1, uniq_erolcha,
          uniq_maurice, uniq_grum
D:12:     basic_altar, kennysheep_potato, uniq_kirke, uniq_rupert, uniq_nessos
D:13:     hangedman_vaults_entry_quadrant_bands, serial_shops, shop,
          portal_ice_cave_entry_pillars_01
D:14:     gargoyle_guard, serial_shops, nicolae_shop_trees
IceCv:    ice_cave_small_demon

Skill      XL: |  1  2  3  4  5  6  7  8  9 10 |
---------------+-------------------------------+-----
Bows           | 5 6 7 |  7.4
Spellcasting   | 2 3 5 6 |  6.4
Conjurations   | 4 7 8 9 |  9.1
Fire Magic     | 4 5 |  5.6
Fighting       | |  2.3
Dodging        | |  2.0
Stealth        | |  1.3

Action                   |  1- 3 |  4- 6 |  7- 9 | 10-12 || total
-------------------------+-------+-------+-------+-------++-------
Melee: Short sword       |    24 |    15 |       |       ||    39
       Long sword        |       |    43 |   113 |     8 ||   164
       Rod               |       |       |     3 |       ||     3
 Fire: Shortbow          |    56 |    69 |   199 |    15 ||   339
 Cast: Flame Tongue      |       |       |     1 |    15 ||    16
Evoke: Wand              |       |       |    14 |     6 ||    20
       Rod               |       |       |     5 |     4 ||     9
       Fan of gales      |       |       |     1 |       ||     1
  Use: Scroll            |       |     4 |    26 |     2 ||    32
       Potion            |       |       |    12 |       ||    12
 Stab: Sleeping          |     2 |     4 |     5 |       ||    11
  Eat: Chunk             |       |     6 |    10 |     3 ||    19
       Royal jelly       |       |       |     3 |       ||     3
       Pizza             |       |       |     2 |       ||     2
       Beef jerky        |       |       |     1 |       ||     1
